[Event "ICCopen2017"]
[Site "Internet Chess Club"]
[Date "2017.04.02"]
[Round "5"]
[White "Activekids"]
[Black "markovichgoran"]
[Result "0-1"]
[ICCResult "White resigns"]
[WhiteElo "2013"]
[BlackElo "2401"]
[Opening "Four knights: Schultze-Müller gambit"]
[ECO "C47"]
[NIC "KP.06"]
[Time "19:52:50"]
[TimeControl "180+0"]

1. e4 e5 2. Nf3 Nc6 3. Nc3 Nf6 4. Nxe5 Nxe5 5. d4 Ng6 6. e5 Ng8 7. Bc4 c6 8.
Qf3 d5 9. exd6 Nf6 10. Bg5 Bxd6 11. O-O-O O-O 12. h3 h6 13. Bd2 b5 14. Bxb5
Rb8 15. Bc4 Bb7 16. Qd3 Nd5 17. Nxd5 cxd5 18. Bb3 a5 19. a4 Qc7 20. g3 Rfc8
21. f4 Qc6 22. f5 Nf8 23. f6 Ba6 24. Qf3 Ne6 25. Bc3 Bc4 26. Qg4 Bxb3 27.
cxb3 Rxb3 28. Rd3 Bb4 29. Re1 Bxc3 30. Rxe6 Bxb2+ 31. Kd2 Bc1+ 32. Ke2 Qxe6+
33. Kf1 Qxg4 34. hxg4 Rxd3 {White resigns} 0-1

[Event "ICCopen2017"]
[Site "Internet Chess Club"]
[Date "2017.04.02"]
[Round "5"]
[White "playwaycool"]
[Black "arsam"]
[Result "0-1"]
[ICCResult "White checkmated"]
[WhiteElo "2186"]
[BlackElo "2633"]
[Opening "Trompowsky attack (Ruth, Opocenský opening)"]
[ECO "A45"]
[NIC "QP.07"]
[Time "19:53:21"]
[TimeControl "180+0"]

1. d4 Nf6 2. Bg5 e6 3. e4 h6 4. Bxf6 Qxf6 5. c3 d5 6. Bd3 c5 7. Ne2 Nc6 8.
exd5 exd5 9. O-O Be7 10. dxc5 Bxc5 11. Nd2 O-O 12. Nb3 Bd6 13. Ng3 Re8 14.
Re1 Bd7 15. Bc2 Qg5 16. Qd3 g6 17. Rad1 h5 18. Rxe8+ Rxe8 19. Qxd5 Re1+ 20.
Nf1 Ne5 21. Rxe1 Bc6 22. h4 Qg4 23. f3 Nxf3+ 24. Qxf3 Bxf3 25. Ne3 Qxh4 26.
Rf1 Bh2+ 27. Kh1 Bg3+ 28. Kg1 Qh2# {White checkmated} 0-1

[Event "ICCopen2017"]
[Site "Internet Chess Club"]
[Date "2017.04.02"]
[Round "5"]
[White "x-plica"]
[Black "nahuels1992"]
[Result "0-1"]
[ICCResult "White checkmated"]
[WhiteElo "1445"]
[BlackElo "1663"]
[Opening "Van't Kruijs opening"]
[ECO "A00"]
[Time "19:53:06"]
[TimeControl "180+0"]

1. e3 e5 2. a3 d5 3. d3 Nf6 4. Bd2 Bd6 5. Nc3 c6 6. Be2 O-O 7. Nf3 Nbd7 8.
h3 Qe7 9. e4 d4 10. Nb1 c5 11. c4 a6 12. O-O b5 13. b3 Re8 14. Nh2 Nf8 15.
f4 exf4 16. Bxf4 Ng6 17. Bxd6 Qxd6 18. Bf3 Qg3 19. e5 Nxe5 20. Bxa8 Bxh3 21.
Rf2 Rxa8 22. Nd2 Nfg4 23. Ne4 Qxh2+ 24. Kf1 Nxf2 25. Kxf2 Qxg2+ 26. Ke1 Nf3+
27. Qxf3 Qxf3 28. Kd2 Qe3+ 29. Kc2 Qe2+ 30. Nd2 Re8 31. Rd1 Re3 32. cxb5
Qxd3+ 33. Kb2 Qc3+ 34. Ka2 Qc2+ 35. Ka1 Qxd1+ 36. Kb2 Qxd2+ 37. Ka1 Re1#
{White checkmated}
0-1

[Event "ICCopen2017"]
[Site "Internet Chess Club"]
[Date "2017.04.02"]
[Round "5"]
[White "hecan58"]
[Black "Jude"]
[Result "1-0"]
[ICCResult "Black checkmated"]
[WhiteElo "1765"]
[BlackElo "1906"]
[Opening "Sicilian: Najdorf, 7.f4"]
[ECO "B96"]
[NIC "SI.06"]
[Time "19:52:21"]
[TimeControl "180+0"]

1. e4 c5 2. Nf3 d6 3. d4 cxd4 4. Nxd4 Nf6 5. Nc3 a6 6. Bg5 e6 7. f4 Nbd7 8.
Qf3 Qc7 9. O-O-O b5 10. Bd3 Bb7 11. Rhe1 Be7 12. Nd5 Nxd5 13. exd5 Bxg5 14.
fxg5 O-O 15. Qh5 g6 16. Qh6 Bxd5 17. Re3 Rfc8 18. Rf1 Nf8 19. h4 e5 20. Nf5
gxf5 21. Bxf5 Be6 22. Bd3 d5 23. c3 b4 24. Bc2 d4 25. Ref3 bxc3 26. b3 a5
27. h5 a4 28. g6 f5 29. Rxf5 axb3 30. Rf7 b2+ 31. Kd1 d3 32. Qg7#
{Black checkmated}
1-0

[Event "ICCopen2017"]
[Site "Internet Chess Club"]
[Date "2017.04.02"]
[Round "5"]
[White "VrloJakMK"]
[Black "marjose"]
[Result "1-0"]
[ICCResult "Black forfeits on time"]
[WhiteElo "2032"]
[BlackElo "1747"]
[Opening "Dutch defense, Rubinstein variation"]
[ECO "A84"]
[NIC "HD.10"]
[Time "19:52:39"]
[TimeControl "180+0"]

1. d4 f5 2. c4 e6 3. Nc3 Nf6 4. Nf3 d5 5. g3 c6 6. Bg2 Bd6 7. O-O Nbd7 8.
Bf4 Qe7 9. Bxd6 Qxd6 10. e3 O-O 11. Qb3 b6 12. cxd5 exd5 13. Rfc1 Bb7 14. a4
Rac8 15. a5 b5 16. Na4 a6 17. Nc5 Nxc5 18. dxc5 Qe7 19. Nd4 Ne4 20. Qc2 Qe5
21. b4 Rcd8 22. Rf1 Rde8 23. Rae1 Bc8 24. Nxc6 Qf6 25. Nd4 g5 26. f3 Nxg3
27. hxg3 f4 28. gxf4 gxf4 29. Qd3 Kh8 30. exf4 Rxe1 31. Rxe1 Rg8 32. Ne2 Bh3
33. Qd4 Rxg2+ 34. Kh1 Kg7 35. Qxf6+ Kxf6 36. Nd4 Rd2 37. Nc6 Bg2+ 38. Kg1
Bxf3 39. Ne5 Be4 40. Rc1 Kf5 41. c6 Kxf4 42. c7 Rg2+ 43. Kf1 Kg3 44. c8=Q
Rf2+ 45. Ke1 {Black forfeits on time} 1-0

[Event "ICCopen2017"]
[Site "Internet Chess Club"]
[Date "2017.04.02"]
[Round "5"]
[White "JUGGERNOT"]
[Black "blunder23"]
[Result "1-0"]
[ICCResult "Black resigns"]
[WhiteElo "1675"]
[BlackElo "1489"]
[Opening "Bird: From gambit"]
[ECO "A02"]
[NIC "VO.07"]
[Time "19:52:24"]
[TimeControl "180+0"]

1. f4 e5 2. fxe5 d6 3. Nf3 Bg4 4. e4 dxe5 5. Be2 Nc6 6. O-O Nf6 7. d3 Bc5+
8. Kh1 O-O 9. Bg5 h6 10. Bh4 Bxf3 11. Bxf3 Nd4 12. c3 Ne6 13. Bg3 Nf4 14.
Bxf4 exf4 15. d4 Be7 16. Qd2 g5 17. e5 Nd5 18. Qd3 Ne3 19. Re1 g4 20. Be4
Kg7 21. Nd2 Bh4 22. Re2 Qg5 23. Nc4 f5 24. exf6+ Rxf6 25. Nxe3 fxe3 26. Qxe3
Raf8 27. g3 Qxe3 28. Rxe3 Bg5 29. Re2 Rf1+ 30. Rxf1 Rxf1+ 31. Kg2 Ra1 32. a3
c6 33. d5 cxd5 34. Bxd5 Rb1 35. Bxb7 a5 36. a4 Kf6 37. Bc6 h5 38. Bb5 h4 39.
gxh4 Bxh4 40. Bc4 Bg5 41. Re6+ Kf5 42. Re2 Bf4 43. Bd3+ Kg5 44. Bxb1 Bc1 45.
Rc2 Bf4 46. c4 Kh4 47. c5 g3 48. hxg3+ Bxg3 49. c6 Bc7 50. Re2 Kg4 51. Re7
Bd6 52. c7 Bxc7 53. Rxc7 Kf4 54. Re7 Kg5 55. Kf3 Kf6 56. Re4 Kf7 57. Ke3 Kf6
58. Kd4 Kg5 59. Kc5 Kf6 60. Kb5 {Black resigns} 1-0

[Event "ICCopen2017"]
[Site "Internet Chess Club"]
[Date "2017.04.02"]
[Round "5"]
[White "ivancele"]
[Black "J575"]
[Result "1-0"]
[ICCResult "Black resigns"]
[WhiteElo "1509"]
[BlackElo "1659"]
[Opening "QGD Slav"]
[ECO "D11"]
[NIC "SL.01"]
[Time "19:53:51"]
[TimeControl "180+0"]

1. d4 d5 2. c4 c6 3. e3 Nf6 4. Nf3 e6 5. Nbd2 Nbd7 6. Be2 Bd6 7. O-O O-O 8.
h3 Re8 9. b3 e5 10. dxe5 Nxe5 11. Bb2 Nxf3+ 12. Nxf3 dxc4 13. Bxc4 Qe7 14.
Rc1 Be6 15. Qc2 Bxc4 16. Qxc4 Qe6 17. Qxe6 Rxe6 18. Rfd1 Rae8 19. Nd4 Be5
20. Nxe6 Bxb2 21. Rc2 Be5 22. Nc5 b6 23. Nd3 Bc7 24. Rxc6 Bb8 25. Nb4 h5 26.
Rdc1 a5 27. Nd3 Kh7 28. Rc8 Rxc8 29. Rxc8 Bd6 30. Rc6 Ne8 31. Rxb6 f6 32.
Ra6 Bc7 33. b4 axb4 34. Nxb4 Nd6 35. Nd5 Bd8 36. Rxd6 {Black resigns} 1-0

[Event "ICCopen2017"]
[Site "Internet Chess Club"]
[Date "2017.04.02"]
[Round "5"]
[White "Revolutions"]
[Black "msenger"]
[Result "1-0"]
[ICCResult "Black checkmated"]
[WhiteElo "1830"]
[BlackElo "1481"]
[Opening "King's Indian: fianchetto variation"]
[ECO "E62"]
[NIC "KI.75"]
[Time "19:52:36"]
[TimeControl "180+0"]

1. d4 d6 2. c4 g6 3. Nc3 Bg7 4. Nf3 Nf6 5. g3 O-O 6. Bg2 c6 7. O-O Nbd7 8.
Re1 e5 9. e3 exd4 10. exd4 Nb6 11. b3 Bg4 12. Bg5 Qc7 13. Qd2 Rfe8 14. Bf4
Qd7 15. a4 Rad8 16. a5 Nc8 17. a6 b6 18. Bg5 Rxe1+ 19. Rxe1 Re8 20. d5 cxd5
21. Bxf6 Bxf6 22. Nxd5 Bg7 23. h3 Be6 24. Ng5 Bxd5 25. Bxd5 Rf8 26. Qf4 h6
27. Ne4 Kh7 28. Qh4 Kg8 29. Nf6+ Bxf6 30. Qxf6 Re8 31. Qxg6+ Kf8 32. Qxh6+
Kg8 33. Be4 Re6 34. Bh7+ Kh8 35. Bg6+ Kg8 36. Qh7+ Kf8 37. Qh8+ Ke7 38. Be4
b5 39. Qh4+ Ke8 40. Rd1 bxc4 41. bxc4 Qa4 42. Qh8+ Ke7 43. Qd4 Nb6 44. c5
Rxe4 45. Qxd6+ Ke8 46. Qd8# {Black checkmated} 1-0

[Event "ICCopen2017"]
[Site "Internet Chess Club"]
[Date "2017.04.02"]
[Round "5"]
[White "Montserrat"]
[Black "ChessIncognito"]
[Result "1-0"]
[ICCResult "Black resigns"]
[WhiteElo "1852"]
[BlackElo "1629"]
[Opening "English: Bremen, Smyslov system"]
[ECO "A22"]
[NIC "EO.11"]
[Time "19:52:45"]
[TimeControl "180+0"]

1. c4 e5 2. Nc3 Nf6 3. g3 Bb4 4. Bg2 O-O 5. e3 Re8 6. Nge2 e4 7. O-O c6 8.
a3 Bf8 9. b4 d5 10. cxd5 cxd5 11. d3 Bf5 12. Bb2 Nc6 13. d4 Rc8 14. Qb3 Ne7
15. Rac1 Qd7 16. Nf4 g5 17. Nfe2 h6 18. Rc2 Rc7 19. Rfc1 Rec8 20. Na4 b6 21.
Rxc7 Rxc7 22. Rxc7 Qxc7 23. Qc3 Qxc3 24. Naxc3 Be6 25. h3 a6 26. Kh2 Nc8 27.
Na4 Bd6 28. Bf1 Bc7 29. Nec3 b5 30. Nc5 Nd6 31. Nxa6 Bb6 32. Nc5 Nc4 33.
Bxc4 dxc4 34. N3xe4 Nxe4 35. Nxe4 f5 36. Nc5 Bxc5 37. dxc5 Bd5 38. Bd4 Kf7
39. Kg1 h5 40. h4 g4 41. Kf1 Ke6 42. Ke1 Kd7 43. Kd2 Kc6 44. Kc3 Kb7 45. Bf6
Kc6 46. Kd4 Be4 47. a4 bxa4 48. Kxc4 a3 49. Kb3 Kb5 50. Kxa3 Bd5 51. Be5 Kc4
52. Bd4 Bc6 53. Be5 Kd3 54. Bf4 Ke2 55. Kb3 Bb5 56. Kc3 Kxf2 57. Kd4 Ke2 58.
Kd5 Kd3 59. c6 Kc3 60. Kc5 Ba6 61. b5 Bc8 62. b6 {Black resigns} 1-0

[Event "ICCopen2017"]
[Site "Internet Chess Club"]
[Date "2017.04.02"]
[Round "5"]
[White "azchess15"]
[Black "Sam08"]
[Result "0-1"]
[ICCResult "White resigns"]
[WhiteElo "2105"]
[BlackElo "2462"]
[Opening "English opening"]
[ECO "A16"]
[NIC "KI.29"]
[Time "19:53:00"]
[TimeControl "180+0"]

1. c4 Nf6 2. Nc3 g6 3. g3 Bg7 4. Bg2 O-O 5. e4 d6 6. d4 c5 7. Nge2 cxd4 8.
Nxd4 Nc6 9. Nc2 Bg4 10. Qd2 Ne5 11. b3 Nf3+ 12. Bxf3 Bxf3 13. Rg1 Nxe4 14.
Nxe4 Bxe4 15. Rb1 Rc8 16. Bb2 Bxb2 17. Rxb2 d5 18. Ne3 dxc4 19. bxc4 Bf3 20.
Qxd8 Rfxd8 21. Rd2 f5 22. h3 e5 23. Rb2 f4 24. gxf4 exf4 {White resigns} 0-1

[Event "ICCopen2017"]
[Site "Internet Chess Club"]
[Date "2017.04.02"]
[Round "5"]
[White "Eigeneier"]
[Black "NJSKing"]
[Result "0-1"]
[ICCResult "White resigns"]
[WhiteElo "1770"]
[BlackElo "2135"]
[Opening "Neo-Grünfeld, 6.O-O c6"]
[ECO "D78"]
[NIC "GI.02"]
[Time "19:53:08"]
[TimeControl "180+0"]

1. d4 Nf6 2. Nf3 g6 3. g3 Bg7 4. Bg2 O-O 5. O-O d5 6. c4 c6 7. b3 Ne4 8. Bb2
Be6 9. Nfd2 Nxd2 10. Qxd2 dxc4 11. bxc4 Bxc4 12. Na3 Ba6 13. Rfd1 Nd7 14.
Rab1 Rc8 15. Bc3 Nf6 16. Ba5 b6 17. Bc3 Qd6 18. Nc2 Rfd8 19. Nb4 Bb7 20. Qb2
Nd5 21. Nxd5 cxd5 22. Bb4 Qd7 23. e3 h5 24. Qa3 e6 25. Be7 Re8 26. Bg5 Bc6
27. Rdc1 Bf8 28. Qa6 Qb7 29. Qd3 Bd7 30. Bf6 Rxc1+ 31. Rxc1 Rc8 32. Rd1 b5
33. e4 b4 34. exd5 exd5 35. Qf3 Be6 36. Qf4 Kh7 37. Qg5 Bh6 38. Qh4 a5 39.
Bf1 Bg4 40. Re1 Rc1 41. Re7 Qb5 42. Rxf7+ Kg8 {White resigns} 0-1

[Event "ICCopen2017"]
[Site "Internet Chess Club"]
[Date "2017.04.02"]
[Round "5"]
[White "cloak1"]
[Black "bennywins"]
[Result "0-1"]
[ICCResult "White checkmated"]
[WhiteElo "1804"]
[BlackElo "1537"]
[Opening "QGD: Marshall defense"]
[ECO "D06"]
[NIC "QP.08"]
[Time "19:53:49"]
[TimeControl "180+0"]

1. d4 d5 2. c4 Nf6 3. cxd5 Nxd5 4. e3 Bf5 5. Nc3 Nxc3 6. bxc3 c5 7. Qb3 Qb6
8. Bc4 cxd4 9. Bxf7+ Kd8 10. cxd4 e6 11. Qxb6+ axb6 12. Bh5 Bb4+ 13. Bd2 Ba3
14. Bc3 Nc6 15. Nf3 Rf8 16. Nh4 Be4 17. Bf3 Bd3 18. Kd2 Bc4 19. Bxc6 Rxf2+
20. Ke1 Re2+ 21. Kd1 bxc6 22. Bd2 g5 23. Nf3 Rxg2 24. Ne5 Bd5 25. Re1 Bb2
26. Rb1 Rxa2 27. e4 Bb3# {White checkmated} 0-1

[Event "ICCopen2017"]
[Site "Internet Chess Club"]
[Date "2017.04.02"]
[Round "5"]
[White "Alinochka199217"]
[Black "Ohanessian"]
[Result "1-0"]
[ICCResult "Black resigns"]
[WhiteElo "2531"]
[BlackElo "2127"]
[Opening "Queen's pawn: Charlick (Englund) gambit"]
[ECO "A40"]
[NIC "QO.17"]
[Time "19:52:25"]
[TimeControl "180+0"]

1. d4 e5 2. dxe5 Nc6 3. Nf3 d6 4. exd6 Bxd6 5. e3 Nf6 6. Be2 Bg4 7. h3 Bf5
8. Nc3 Qd7 9. Nd4 Nxd4 10. Qxd4 O-O 11. Bf3 Rad8 12. Qh4 Bxc2 13. O-O c6 14.
e4 Qe7 15. Bg5 Be5 16. Rac1 Bd3 17. Rfd1 h6 18. Be3 Rfe8 19. Bxa7 b5 20. Bb6
Rd7 21. a3 Qe6 22. Be3 Bc4 23. Rxd7 Nxd7 24. Bg4 Qe7 25. Qxe7 Rxe7 26. Rd1
Nf6 27. Bf5 g6 28. Bg4 Bxc3 29. bxc3 Nxg4 30. hxg4 Rxe4 31. Bxh6 Be6 32. f3
Re2 33. Rd8+ Kh7 34. Bg5 Kg7 35. Bf4 Bd5 36. g5 Re7 37. Bd6 Re6 38. Bc5 f6
39. Bd4 Kf7 40. gxf6 Re1+ 41. Kf2 Ra1 42. Ra8 Ra2+ 43. Kg3 g5 44. Ra7+ Kg6
45. Rg7+ Kf5 46. f7 Bxf7 47. Rxf7+ Ke6 48. Rf6+ Kd5 49. Rf5+ Kc4 50. Rc5+
Kd3 51. Rxc6 Rxa3 52. Rd6 Rb3 53. Rd5 Ke2 54. Rxg5 b4 55. cxb4 Rxb4 56. Be5
Rb1 57. f4 Rg1 58. Kh3 Kf1 59. g3 Rh1+ 60. Kg4 Kg2 61. Rh5 Rh3 62. Rxh3
{Black resigns}
1-0

[Event "ICCopen2017"]
[Site "Internet Chess Club"]
[Date "2017.04.02"]
[Round "5"]
[White "sanka"]
[Black "cap78red"]
[Result "1-0"]
[ICCResult "Black checkmated"]
[WhiteElo "1319"]
[BlackElo "1237"]
[Opening "Pirc: classical (two knights) system"]
[ECO "B08"]
[NIC "PU.10"]
[Time "19:53:18"]
[TimeControl "180+0"]

1. e4 d6 2. Nf3 Nf6 3. Nc3 g6 4. d4 Bg7 5. Bc4 O-O 6. O-O Nxe4 7. Bxf7+ Rxf7
8. Nxe4 Bg4 9. Ned2 Nc6 10. c3 Bxd4 11. cxd4 Nxd4 12. h3 Nxf3+ 13. Nxf3 Bxf3
14. gxf3 Qd7 15. Kh2 Raf8 16. f4 e5 17. fxe5 Rxf2+ 18. Rxf2 Rxf2+ 19. Kg1
Rf4 20. Bxf4 Qxh3 21. Bh2 dxe5 22. Qd5+ Kg7 23. Bxe5+ Kh6 24. Qd2+ g5 25.
Qh2 g4 26. Qxh3+ gxh3 27. Kh2 Kg5 28. Kxh3 Kf5 29. Bxc7 b6 30. b4 Ke4 31.
Rc1 Kd5 32. a4 a5 33. bxa5 bxa5 34. Bxa5 Kd4 35. Bc7 Kd3 36. a5 Kd2 37. Rc5
Kd3 38. a6 Kd4 39. Rc1 Kd3 40. a7 Kd2 41. Rc6 Kd3 42. a8=Q Kd4 43. Bg3 h5
44. Qa4+ Kd3 45. Rd6+ Ke2 46. Qe4+ Kf1 47. Rf6+ Kg1 48. Qe1# {Black
checkmated} 1-0

[Event "ICCopen2017"]
[Site "Internet Chess Club"]
[Date "2017.04.02"]
[Round "5"]
[White "Bryant-L"]
[Black "Enemigoalacecho"]
[Result "1/2-1/2"]
[ICCResult "Game drawn because neither player has mating material"]
[WhiteElo "1622"]
[BlackElo "2293"]
[Opening "KGA: Cunningham defense"]
[ECO "C35"]
[NIC "KG.02"]
[Time "19:52:21"]
[TimeControl "180+0"]

1. e4 e5 2. f4 exf4 3. Nf3 Be7 4. d4 Nf6 5. Bd3 d5 6. e5 Ne4 7. O-O O-O 8.
Bxf4 c5 9. Nbd2 Nxd2 10. Qxd2 Nc6 11. Rae1 Bg4 12. c3 cxd4 13. cxd4 Qb6 14.
Be3 Bb4 15. Qc2 Bxe1 16. Bxh7+ Kh8 17. Rxe1 Bxf3 18. gxf3 Ne7 19. Bd3 Qe6
20. Qf2 Qh3 21. Kh1 Nf5 22. Bf4 Qh4 23. Bg3 Nxg3+ 24. Qxg3 Qxg3 25. hxg3
Rac8 26. Kg2 g6 27. e6 Rfe8 28. Kf2 Kg7 29. e7 Rc7 30. Re5 Rexe7 31. Rxd5
Rcd7 32. Rxd7 Rxd7 33. Ke3 Kf6 34. f4 Ke6 35. Bc4+ Kd6 36. a4 Re7+ 37. Kf2
f6 38. Bd3 g5 39. fxg5 fxg5 40. Kf3 Kd5 41. Kg4 Kxd4 42. Bf5 Re5 43. Kxg5
Kc4 44. Kf6 Re3 45. g4 Kb3 46. g5 Rg3 47. g6 Kxb2 48. g7 Rxg7 49. Kxg7 Ka3
50. Bd7 b6 51. Bc6 Kb4 52. Kf6 Kc5 53. Bd7 a6 54. Ke5 b5 55. axb5 axb5 56.
Ke4 b4 57. Kd3 Kd6 58. Kc4 Kxd7 59. Kxb4
{Game drawn because neither player has mating material}
1/2-1/2

[Event "ICCopen2017"]
[Site "Internet Chess Club"]
[Date "2017.04.02"]
[Round "5"]
[White "nurmi"]
[Black "LevAbramovich"]
[Result "0-1"]
[ICCResult "White checkmated"]
[WhiteElo "2348"]
[BlackElo "2051"]
[Opening "English: symmetrical variation"]
[ECO "A30"]
[NIC "EO.64"]
[Time "19:52:39"]
[TimeControl "180+0"]

1. c4 c5 2. g3 Nc6 3. Bg2 e5 4. Nc3 d6 5. d3 g6 6. Nf3 Bg7 7. Bg5 f6 8. Bd2
Nge7 9. h4 h6 10. a3 a5 11. Rb1 Be6 12. O-O d5 13. cxd5 Nxd5 14. Rc1 b6 15.
Qa4 Qd7 16. Qb5 Rb8 17. Qa4 O-O 18. e3 Rfd8 19. Rfd1 Nde7 20. Be1 f5 21. Nd2
f4 22. Nde4 fxg3 23. Nxg3 Rbc8 24. Nce4 Nf5 25. h5 Nxg3 26. Nxg3 g5 27. Bf3
Nd4 28. Qxd7 Nxf3+ 29. Kf1 Rxd7 30. Bc3 Rcd8 31. Ke2 Bg4 32. Rh1 Rxd3 33.
Ne4 Nd2+ 34. f3 Bxf3+ 35. Kf2 Bxh1 36. Nxd2 Rxd2+ 37. Bxd2 Rxd2+ 38. Kg3 Be4
39. b4 cxb4 40. axb4 a4 41. Rc7 a3 42. Ra7 a2 43. b5 a1=Q 44. Rxa1 Rd3 45.
Kf2 Bd5 46. Ra6 e4 47. Rxb6 Bc4 48. Rb8+ Kh7 49. b6 Rd2+ 50. Kg3 Be5+ 51.
Kg4 Be6# {White checkmated} 0-1

[Event "ICCopen2017"]
[Site "Internet Chess Club"]
[Date "2017.04.02"]
[Round "5"]
[White "BenkoChess"]
[Black "TomorrowLand"]
[Result "0-1"]
[ICCResult "White forfeits on time"]
[WhiteElo "1818"]
[BlackElo "1776"]
[Opening "Réti: King's Indian attack"]
[ECO "A05"]
[NIC "QP.11"]
[Time "19:52:40"]
[TimeControl "180+0"]

1. Nf3 Nf6 2. g3 g6 3. b3 Bg7 4. Bb2 O-O 5. Bg2 c5 6. c4 Nc6 7. O-O d6 8. d4
cxd4 9. Nxd4 Bd7 10. Nc2 Qa5 11. Nc3 Qh5 12. e4 Bg4 13. f3 Bh3 14. Qd2 Bxg2
15. Kxg2 Qc5 16. Rad1 Rfd8 17. Rfe1 Ne5 18. Nd4 h6 19. Nd5 Nxd5 20. exd5 Re8
21. h3 Nd7 22. f4 a6 23. f5 g5 24. Nf3 Nf6 25. Bd4 Qc8 26. h4 g4 27. Nh2
Qxf5 28. Re2 Qg6 29. Rf1 b5 30. Rfe1 bxc4 31. bxc4 Rac8 32. Rxe7 Rxe7 33.
Rxe7 Rxc4 34. Be3 Re4 35. Ra7 Nxd5 36. Qxd5 Rxe3 37. Nf1 Re1 38. Qa8+ Kh7
39. Qd5 Re2+ 40. Kg1 Re6 41. Rd7 Qf6 42. h5 Qd4+ 43. Qxd4 Bxd4+ 44. Kg2 Kg7
45. Kh1 Re1 46. Rxd6 Rxf1+ 47. Kg2 Rf2+ 48. Kh1 Rd2 {White forfeits on time}
0-1

[Event "ICCopen2017"]
[Site "Internet Chess Club"]
[Date "2017.04.02"]
[Round "5"]
[White "rovov"]
[Black "MaestroASK"]
[Result "1/2-1/2"]
[ICCResult "Game drawn because neither player has mating material"]
[WhiteElo "1776"]
[BlackElo "2460"]
[Opening "Réti opening"]
[ECO "A04"]
[NIC "QP.11"]
[Time "19:52:49"]
[TimeControl "180+0"]

1. Nf3 d6 2. c4 g6 3. Nc3 Bg7 4. g3 e5 5. d3 Nh6 6. Bg2 O-O 7. O-O c6 8. Rb1
f5 9. Nd2 a5 10. a3 g5 11. b4 axb4 12. axb4 Be6 13. b5 e4 14. Qb3 exd3 15.
exd3 Nf7 16. Nf3 h6 17. Re1 Qc8 18. Ba3 Rd8 19. Ne2 c5 20. Bb2 Nd7 21. Bxg7
Kxg7 22. Nc3 Nde5 23. Nxe5 dxe5 24. Nd5 Rd6 25. Ra1 Rxa1 26. Rxa1 g4 27. Qa3
Ng5 28. Qa8 Qxa8 29. Rxa8 Nf3+ 30. Bxf3 gxf3 31. Rb8 Bxd5 32. cxd5 b6 33.
Kf1 Rxd5 34. Rb7+ Kg8 35. Rxb6 Rxd3 36. Ke1 Rb3 37. Rxh6 Rxb5 38. Rf6 c4 39.
Rxf5 c3 40. Kd1 Rd5+ 41. Kc2 Rd2+ 42. Kxc3 Rxf2 43. Kd3 Rxh2 44. Rxf3 Rh5
45. Ke4 Kg7 46. Rf5 Rh3 47. Kxe5 Rxg3 48. Kf4 Rg1 49. Rg5+ Rxg5 50. Kxg5
{Game drawn because neither player has mating material}
1/2-1/2

[Event "ICCopen2017"]
[Site "Internet Chess Club"]
[Date "2017.04.02"]
[Round "5"]
[White "atoz"]
[Black "Bojongrenged"]
[Result "0-1"]
[ICCResult "White checkmated"]
[WhiteElo "1371"]
[BlackElo "1685"]
[Opening "English: Neo-Catalan"]
[ECO "A13"]
[NIC "EO.64"]
[Time "19:52:50"]
[TimeControl "180+0"]

1. c4 Nf6 2. g3 e6 3. Nf3 d5 4. b3 c5 5. cxd5 exd5 6. d4 Nc6 7. e3 b6 8. Bb5
Bd7 9. Ne5 Nxe5 10. dxe5 Bxb5 11. exf6 Qxf6 12. Qxd5 Bc6 13. Bb2 Bxd5 14.
Bxf6 Bxh1 15. Be5 f6 16. Bf4 g5 17. Bc7 Rc8 18. Bxb6 axb6 19. Nc3 Bc6 20.
O-O-O Be7 21. Kb2 O-O 22. e4 Rfd8 23. Re1 Bd6 24. Ne2 Be5+ 25. Ka3 Bxe4 26.
f4 Bd6 27. Nc3 Bc6 28. Re6 c4+ 29. b4 Kf7 30. Re2 Re8 31. Rf2 Ra8+ 32. Kb2
Bxb4 33. fxg5 Bxc3+ 34. Kxc3 Re6 35. Kxc4 Ra4+ 36. Kb3 Rae4 37. gxf6 Rxf6
38. Rd2 Rf3+ 39. Kb2 Rfe3 40. Rd6 Ba4 41. Rxb6 Rd4 42. Rb7+ Ke6 43. Rb6+ Kd5
44. Rb8 Rd2+ 45. Kc1 Rxh2 46. Rd8+ Kc6 47. Rc8+ Kb7 48. Rh8 Re1#
{White checkmated}
0-1

[Event "ICCopen2017"]
[Site "Internet Chess Club"]
[Date "2017.04.02"]
[Round "5"]
[White "Commando"]
[Black "YaacovN"]
[Result "1-0"]
[ICCResult "Black resigns"]
[WhiteElo "2523"]
[BlackElo "2776"]
[Opening "Réti opening"]
[ECO "A05"]
[NIC "QP.11"]
[Time "19:53:46"]
[TimeControl "180+0"]

1. Nf3 Nf6 2. g3 b6 3. Bg2 Bb7 4. d3 g6 5. e4 Bg7 6. O-O O-O 7. Re1 c5 8.
Nbd2 Nc6 9. c3 Ne8 10. h3 Nc7 11. Nh2 d5 12. Qe2 Qd7 13. Ndf1 Rad8 14. Bf4
e5 15. Bg5 f6 16. Bd2 Rfe8 17. Rad1 Kh8 18. Bc1 Ba6 19. Qc2 Bb7 20. Ne3 d4
21. Nd5 dxc3 22. bxc3 Ne7 23. c4 Ne6 24. Be3 Nc6 25. Qc1 Kg8 26. h4 h5 27.
Bh3 Qf7 28. f4 exf4 29. gxf4 Ned4 30. Kh1 Bc8 31. f5 gxf5 32. Rg1 f4 33.
Nxf4 Bxh3 34. Nxh3 Kh7 35. Rdf1 Qd7 36. Qd1 Qxh3 37. Qxh5+ Kg8 38. Rxg7+
Kxg7 39. Qh6+ Kf7 40. Qxf6+ Kg8 41. Qg6+ Kh8 42. Qh6+ Kg8 43. Rg1+ Kf7 44.
Rg7+ {Black resigns} 1-0

[Event "ICCopen2017"]
[Site "Internet Chess Club"]
[Date "2017.04.02"]
[Round "5"]
[White "samank"]
[Black "kwameh72"]
[Result "1-0"]
[ICCResult "Black checkmated"]
[WhiteElo "1428"]
[BlackElo "1525"]
[Opening "Scandinavian: Pytel-Wade variation"]
[ECO "B01"]
[NIC "SD.02"]
[Time "19:53:00"]
[TimeControl "180+0"]

1. e4 d5 2. exd5 Qxd5 3. Nc3 Qd6 4. d4 Nf6 5. Nf3 a6 6. Be3 b5 7. g3 Bb7 8.
Bg2 e6 9. Bf4 Qb6 10. O-O Be7 11. a4 b4 12. a5 Qa7 13. Na4 c5 14. dxc5 O-O
15. Be3 Nc6 16. Nb6 Rad8 17. Qe2 Rfe8 18. Rfd1 Nd5 19. Nd4 Nxd4 20. Bxd4 Bf6
21. Bxf6 Nxf6 22. Rxd8 Rxd8 23. Rd1 Rxd1+ 24. Qxd1 h6 25. Qd8+ Kh7 26. Qc7
Nd5 27. Nxd5 exd5 28. Bxd5 Bxd5 29. Qxa7 Bc4 30. f4 Kg6 31. Kf2 Kf5 32. Ke3
f6 33. c6 Kg4 34. c7 Be6 35. Qb6 Kf5 36. Qc5+ Kg6 37. Qd6 Bh3 38. Ke4 h5 39.
Qd5 Kh6 40. f5 Kg5 41. c8=Q h4 42. gxh4+ Kxh4 43. Qh8+ Kg4 44. Qxg7+ Kh4 45.
Qh6+ Kg4 46. Qg6+ Kh4 47. Qd2 Bxf5+ 48. Qxf5 b3 49. Qg6 f5+ 50. Kxf5 bxc2
51. Qdh6# {Black checkmated} 1-0

[Event "ICCopen2017"]
[Site "Internet Chess Club"]
[Date "2017.04.02"]
[Round "5"]
[White "Almutairih"]
[Black "wmanthony"]
[Result "0-1"]
[ICCResult "White forfeits on time"]
[WhiteElo "1277"]
[BlackElo "1315"]
[Opening "Philidor's defense"]
[ECO "C41"]
[NIC "KP.10"]
[Time "19:53:00"]
[TimeControl "180+0"]

1. e4 e5 2. Nf3 d6 3. Bc4 Be7 4. d4 exd4 5. Nxd4 Nf6 6. Nc3 O-O 7. O-O Bd7
8. f3 Nc6 9. Be3 Ne5 10. Bb3 a6 11. Kh1 c5 12. f4 Neg4 13. e5 Nxe3 14. Qe2
Nxf1 15. exf6 Bxf6 16. Nf3 Bxc3 17. bxc3 Bc6 18. Rxf1 Bxf3 19. Qxf3 b5 20.
Bd5 Rb8 21. f5 Qf6 22. g4 Rfe8 23. Rg1 Qe5 24. g5 Qe3 25. Qg2 Re5 26. f6 g6
27. h4 Qf4 28. Qg3 Qxg3 29. Rxg3 Re1+ 30. Kg2 Re2+ 31. Kf3 Rxc2 32. Ke4 Re8+
{White forfeits on time}
0-1